 Dungeon Crawl Stone Soup version 0.28.0-1-gb440e238dd (webtiles) character file.

Game seed: 2705915107783854791

91 Ablot the Grasshopper (level 4, 0/38 HPs)
             Began as a Gnoll Warper on Feb 26, 2022.
             Slain by Sigmund (13 damage)
             ... on level 3 of the Dungeon.
             The game lasted 00:02:30 (3052 turns).

Ablot the Grasshopper (Gnoll Warper)                Turns: 3052, Time: 00:02:30

Health: 0/38       AC:  4    Str: 13    XL:     4   Next: 57%
Magic:  11/11      EV: 12    Int: 12    God:
Gold:   115        SH:  0    Dex: 11    Spells: 11/13 levels left

rFire   . . .      SeeInvis .   a - +0 spear
rCold   . . .      Faith    .   (no shield)
rNeg    . . .      Spirit   .   b - +0 leather armour
rPois   .          Reflect  .   (no helmet)
rElec   .          Harm     .   (no cloak)
rCorr   .          Rampage  .   (no gloves)
Will    .....                   h - +0 pair of boots
Stlth   +.........              (no amulet)
HPRegen 0.12/turn               (no ring)
MPRegen 0.12/turn               (no ring)

@: no status effects
A: fangs 1, strong nose, distributed training
a: no special abilities


You were on level 3 of the Dungeon.
You visited 1 branch of the dungeon, and saw 3 of its levels.

You collected 115 gold pieces.

Inventory:

Hand Weapons
 a - a +0 spear (weapon)
 g - a +1 hand axe of flaming
Missiles
 d - 5 boomerangs of dispersal
 j - 4 poisoned darts (quivered)
 k - 83 stones
Armour
 b - a +0 leather armour (worn)
 h - a +0 pair of boots (worn)
Wands
 n - a wand of digging (4)
Scrolls
 c - 3 scrolls of blinking
 f - a scroll of teleportation {unknown}
 i - a scroll of immolation {unknown}
 l - a scroll of vulnerability {unknown}
Potions
 e - a potion of attraction {unknown}
 m - a potion of might {unknown}
 o - 2 potions of curing {unknown}
 p - a potion of flight {unknown}


   Skills:
 + Level 4.6 Fighting
 + Level 1.2 Short Blades
 + Level 1.2 Long Blades
 + Level 1.2 Axes
 + Level 1.2 Maces & Flails
 + Level 4.6 Polearms
 + Level 1.2 Staves
 + Level 1.2 Slings
 + Level 1.2 Bows
 + Level 1.2 Crossbows
 + Level 2.8 Throwing
 + Level 2.8 Armour
 + Level 4.6 Dodging
 + Level 1.2 Stealth
 + Level 1.2 Shields
 + Level 1.2 Unarmed Combat
 + Level 5.1 Spellcasting
 + Level 1.0 Conjurations
 + Level 1.0 Hexes
 + Level 1.0 Summonings
 + Level 1.0 Necromancy
 + Level 5.5 Translocations
 + Level 1.0 Transmutations
 + Level 1.0 Fire Magic
 + Level 1.0 Ice Magic
 + Level 1.0 Air Magic
 + Level 1.0 Earth Magic
 + Level 1.0 Poison Magic
 + Level 1.3 Invocations
 + Level 1.2 Evocations


You had 11 spell levels left.
You knew the following spells:

 Your Spells              Type           Power      Damage    Failure   Level
a - Blink                 Tloc           32%        N/A       4%          2

Your spell library contained the following spells:

 Spells                   Type           Power      Damage    Failure   Level
 Gell's Gravitas          Tloc           16%        N/A       8%          3
 Lesser Beckoning         Tloc           16%        N/A       8%          3
 Teleport Other           Tloc           16%        N/A       8%          3
 Manifold Assault         Tloc           16%        N/A       58%         5


Dungeon Overview and Level Annotations

Branches:
Dungeon (3/15)

Altars:
Wu Jian

Annotations:
D:3 Sigmund


Innate Abilities, Weirdness & Mutations

You have very sharp teeth.
Your uncanny sense of smell can sniff out nearby items.
Your experience applies equally to all skills.


Message History

Sigmund is lightly wounded.
Sigmund barely misses you.
You reach to attack!
You hit Sigmund.
Sigmund is moderately wounded.
Sigmund gestures at you while chanting.
You are confused.
You are too confused!
You are too confused!
You are too confused!
You are too confused!
Sigmund hits you but does no damage.
You see here a quokka corpse.
You hit Sigmund but do no damage.
Sigmund is moderately wounded.
You hit Sigmund. Your bite misses Sigmund.
Sigmund is moderately wounded.
Sigmund barely misses you.
You miss Sigmund. You bite Sigmund.
Sigmund is moderately wounded.
You miss Sigmund.
Sigmund is moderately wounded.
Sigmund gestures at you while chanting. You resist with some effort.
Sigmund points at you and mumbles some strange words.
The magic dart hits you.
You feel less confused.
Sigmund hits you from afar with a +0 scythe.
Sigmund gestures wildly while chanting.
Sigmund flickers and vanishes!
Deactivating autopickup; reactivate with Ctrl-A.
You see here a quokka corpse.
You hit something. Your bite misses something. Something hits you.
You barely miss something. Your bite misses something. Something hits you.
Found an ornate altar of the Wu Jian Council.
Something hits you.
You see here 4 poisoned darts.
j - 4 poisoned darts Something hits you!
You die...

#....#...#..# .##....
#..<#.#..... #....
#####.####.#.# .##.
######################.
#...................##.
#..#...#...#...#...###.
#_.........†...........
#..#...#$..#...#...###.
#.....@..............#.
####################.#.
..........#.
..........#.
....^.....#. ∆
..........#.
..........#.
............
.####.......


There were no monsters in sight!

Vanquished Creatures
  2 adders (D:2)
  2 worms (D:2)
  3 dart slugs
  2 orcs (D:3)
  4 ball pythons
  5 endoplasms
  2 giant cockroaches (D:2)
  2 goblins (D:2)
  4 hobgoblins
  9 jackals
  4 kobolds
  2 quokkas
  4 bats
  A frilled lizard (D:1)
  8 rats
54 creatures vanquished.

Notes
Turn   | Place    | Note
-------+----------+-------------------------------------------
     0 | D:1      | Ablot the Gnoll Warper began the quest for the Orb.
     0 | D:1      | Reached XP level 1. HP: 20/20 MP: 6/6
   195 | D:1      | Reached XP level 2. HP: 17/26 MP: 7/7
   208 | D:1      | Learned a level 2 spell: Blink
   962 | D:2      | Reached XP level 3. HP: 27/31 MP: 9/9
  1001 | D:2      | Reached skill level 5 in Spellcasting
  1468 | D:2      | Reached skill level 1 in Invocations
  1594 | D:2      | Found a faded altar of an unknown god.
  1657 | D:2      | Reached skill level 1 in Short Blades
  1657 | D:2      | Reached skill level 1 in Long Blades
  1657 | D:2      | Reached skill level 1 in Axes
  1657 | D:2      | Reached skill level 1 in Maces & Flails
  1657 | D:2      | Reached skill level 1 in Staves
  1657 | D:2      | Reached skill level 1 in Slings
  1657 | D:2      | Reached skill level 1 in Bows
  1657 | D:2      | Reached skill level 1 in Crossbows
  1657 | D:2      | Reached skill level 1 in Stealth
  1657 | D:2      | Reached skill level 1 in Shields
  1657 | D:2      | Reached skill level 1 in Unarmed Combat
  1657 | D:2      | Reached skill level 1 in Evocations
  1657 | D:2      | Reached XP level 4. HP: 25/38 MP: 11/11
  2862 | D:3      | Reached skill level 1 in Conjurations
  2862 | D:3      | Reached skill level 1 in Hexes
  2862 | D:3      | Reached skill level 1 in Summonings
  2862 | D:3      | Reached skill level 1 in Necromancy
  2862 | D:3      | Reached skill level 1 in Transmutations
  2862 | D:3      | Reached skill level 1 in Fire Magic
  2862 | D:3      | Reached skill level 1 in Ice Magic
  2862 | D:3      | Reached skill level 1 in Air Magic
  2862 | D:3      | Reached skill level 1 in Earth Magic
  2862 | D:3      | Reached skill level 1 in Poison Magic
  3022 | D:3      | Noticed Sigmund
  3049 | D:3      | Found an ornate altar of the Wu Jian Council.
  3052 | D:3      | Slain by Sigmund

Illustrated notes

Levels and vault maps discovered:
D:1:      minmay_arrival_hallway, layout_basic
D:2:      layout_basic, chequers_ecumenical_altar_simple, minmay_box_of_dots
D:3:      layout_basic, lemuel_coloured_pillars_altar, elyvilon_altar_3,
          uniq_sigmund

Skill      XL: |  1  2  3  4 |
---------------+-------------+-----
Spellcasting   | 5 |  5.1
Invocations    | 1 |  1.3
Short Blades   | 1 |  1.2
Long Blades    | 1 |  1.2
Axes           | 1 |  1.2
Maces & Flails | 1 |  1.2
Staves         | 1 |  1.2
Slings         | 1 |  1.2
Bows           | 1 |  1.2
Crossbows      | 1 |  1.2
Stealth        | 1 |  1.2
Shields        | 1 |  1.2
Unarmed Combat | 1 |  1.2
Evocations     | 1 |  1.2
Conjurations   | 1 |  1.0
Hexes          | 1 |  1.0
Summonings     | 1 |  1.0
Necromancy     | 1 |  1.0
Transmutations | 1 |  1.0
Fire Magic     | 1 |  1.0
Ice Magic      | 1 |  1.0
Air Magic      | 1 |  1.0
Earth Magic    | 1 |  1.0
Poison Magic   | 1 |  1.0
Fighting       | |  4.6
Polearms       | |  4.6
Throwing       | |  2.8
Armour         | |  2.8
Dodging        | |  4.6
Translocations | |  5.5

Action                   |  1- 3 |  4- 6 || total
-------------------------+-------+-------++-------
Melee: Spear             |   135 |   124 ||   259
       Bite              |     9 |    10 ||    19
       Punch             |     1 |     2 ||     3
Throw: Dart              |       |     4 ||     4
 Stab: Sleeping          |     3 |     1 ||     4
Armor: Leather armour    |    23 |    22 ||    45
Dodge: Dodged            |    55 |    59 ||   114
